 Dungeon Crawl Stone Soup version 0.29.1-13-g9f3cf754e1 (webtiles) character file.

Game seed: 8673125985941421321

46 Thatpatchoflichen the Poker (level 3, 0/31 HPs)
             Began as a Draconian Gladiator on Feb 1, 2023.
             Slain by Robin
             ... wielding a +4 mace of draining
              (4 damage)
             ... on level 2 of the Dungeon.
             The game lasted 00:02:20 (1063 turns).

Thatpatchoflichen the Poker (Draconian Gladiator)   Turns: 1063, Time: 00:02:21

Health: 0/31       AC:  5    Str: 18    XL:     3   Next: 44%
Magic:  3/3        EV: 12    Int:  8    God:
Gold:   34         SH:  0    Dex: 12    Spells: 2/2 levels left

rFire   . . .      SeeInvis .   a - +0 trident
rCold   . . .      Faith    .   (no shield)
rNeg    . . .      Spirit   .   (body armour unavailable)
rPois   .          Reflect  .   b - +0 hat
rElec   .          Harm     .   (no cloak)
rCorr   .          Rampage  .   (no gloves)
Will    .....                   (no boots)
Stlth   +.........              (no amulet)
HPRegen 0.10/turn               (no ring)
MPRegen 0.08/turn               (no ring)

@: no status effects
A: AC +5, unfitting armour, cold-blooded
a: no special abilities


You were on level 2 of the Dungeon.
You visited 1 branch of the dungeon, and saw 2 of its levels.

You collected 34 gold pieces.

Inventory:

Hand Weapons
 a - a +0 trident (weapon)
Missiles
 c - 3 throwing nets (quivered)
 d - a javelin
Armour
 b - a +0 hat (worn)
Jewellery
 g - an amulet of faith
Scrolls
 e - a scroll of torment {unknown}
 f - a scroll of butterflies {unknown}
 h - a scroll of acquirement {unknown}
 i - a scroll of identify {unknown}
 j - a scroll of amnesia {unknown}
 k - a scroll of blinking {unknown}


   Skills:
 + Level 3.0 Fighting
 + Level 3.5 Polearms
 - Level 1.7 Throwing
 + Level 3.2 Dodging


You had 2 spell levels left.
You didn't know any spells.
Your spell library was empty.

Dungeon Overview and Level Annotations

Branches:
Dungeon (2/15)

Altars:

Annotations:
D:2 Robin


Innate Abilities, Weirdness & Mutations

Your plain brown scales are hard. (AC +5)
You cannot fit into any form of body armour.
You are cold-blooded and may be slowed by cold attacks.


Message History

You barely miss the goblin. The goblin misses you.
The goblin hits you with a +0 club.
You closely miss the goblin. The goblin hits you but does no damage.
Robin flexes a bicep menacingly.
The goblin hits you with a +0 club.
* * * LOW HITPOINT WARNING * * *
You hit the goblin.
You kill the goblin!
A goblin comes into view. It is wielding a +0 club.
Robin throws the goblin at you! The goblin closely misses you.
You closely miss the goblin.
The goblin hits you with a +0 dagger of freezing.
* * * LOW HITPOINT WARNING * * *
You feel yourself slow down. The goblin freezes you.
* * * LOW HITPOINT WARNING * * *
The goblin misses you. The goblin barely misses you.
The goblin closely misses you.
A goblin comes into view. It is wielding a +0 club.
The goblin shouts! x2
You hit the goblin.
You kill the goblin!
Robin throws the goblin at you! The goblin barely misses you.
You barely miss the goblin.
You feel yourself speed up.
The goblin no longer looks unusually strong.
A goblin comes into view. It is wielding a +0 dagger.
The goblin hits you but does no damage. Robin closely misses you.
The goblin hits you with a +0 club.
* * * LOW HITPOINT WARNING * * *
You barely miss the goblin.
The goblin shouts!
Your tail-slap misses the goblin.
You hear a shout! x2
The goblin no longer looks unusually strong.
Robin roars a battlecry!
The goblins go into a battle-frenzy!
The goblin closely misses you.
You closely miss the goblin. The goblin barely misses you.
Robin hits you with a +4 mace of draining.
You die...

# #. ###..
###########
.....####.g@gwgg.g.
........#.#########
#.......#
#.###.########
#..<.......
#..†###.### #..#.#
......#.# ####...
##


You could see Robin, a dart slug and 4 goblins.

Vanquished Creatures
  An adder (D:2)
  2 dart slugs (D:1)
  A ball python (D:1)
  5 endoplasms (D:1)
  7 goblins
  3 hobgoblins
  2 quokkas (D:1)
  4 bats (D:1)
  A frilled lizard (D:1)
  2 kobolds (D:1)
  A rat (D:1)
29 creatures vanquished.

Notes
Turn   | Place    | Note
-------+----------+-------------------------------------------
     0 | D:1      | Thatpatchoflichen the Draconian Gladiator began the quest
                  | for the Orb.
     0 | D:1      | Reached XP level 1. HP: 17/17 MP: 1/1
   148 | D:1      | Reached XP level 2. HP: 24/25 MP: 2/2
   207 | D:1      | Found a faded altar of an unknown god.
   699 | D:1      | Reached XP level 3. HP: 30/30 MP: 3/3
  1048 | D:2      | Noticed Robin
  1063 | D:2      | Slain by Robin

Illustrated notes

Levels and vault maps discovered:
D:1:      dpeg_arrival_rhombus, layout_basic, chequers_ecumenical_altar_simple
D:2:      layout_loops_ring, minmay_split_cup_large, uniq_robin

Skill      XL: |  1  2  3 |
---------------+----------+-----
Dodging        | 3 |  3.2
Fighting       | 3 |  3.0
Polearms       | |  3.5
Throwing       | |  1.7

Action                   || total
-------------------------++-------
Melee: Trident           ||    79
       Tailslap          ||     5
 Stab: Sleeping          ||     1
Armor: Skin              ||    53
Dodge: Dodged            ||    79
